Map: Ever Dream LE

Players

GOStephano (Stephano)

  • Race: Zerg Zerg
  • League: Grandmaster
  • Spawn Location: 7:00

soul - Winner!

  • Race: Terran Terran
  • League: Grandmaster
  • Spawn Location: 1:00

Event: DreamHack SC2 Masters 2020 Summer Europe

VOD

Have the link to the VOD?

Description

Time

  • Played on: June 30, 2020, 11:54 a.m.
  • Length: 7:19

All games in this series

Show
View Real Time Build Order
Export as new Build Order

GOStephano Zerg 

Build Orders: Hatch First 

Get SALT Encoding   

  12  0:01  Drone  
  13  0:12  Overlord  
  13  0:16  Drone  
  14  0:30  Drone x2  
  16  0:47  Hatchery  
  15  0:50  Drone  
  15  0:53  Drone  
  17  0:57  Drone  
  18  1:07  Extractor  
  17  1:12  Spawning Pool  
  17  1:15  Drone  
  17  1:18  Drone  
  18  1:27  Drone  
  19  1:38  Drone  
  20  1:48  Drone  
  21  1:59  Queen x2  
  21  2:00  Zergling x4  
  27  2:10  Drone  
  27  2:11  Overlord  
  28  2:19  Hatchery  
  28  2:21  Drone  
  28  2:29  Drone  
  29  2:33  Drone x2  
  31  2:42  Queen  
  32  2:49  Metabolic Boost  
  32  2:52  Overlord  
  32  2:54  Drone x2  
  32  2:55  Drone  
  35  3:13  Drone  
  35  3:14  Drone x3  
  35  3:15  Drone  
  35  3:17  Queen  
  42  3:21  Drone  
  42  3:25  Overlord  
  43  3:34  Zergling x4  
  45  3:38  Evolution Chamber  
  43  3:42  Drone x3  
  43  3:44  Spore Crawler  
  43  3:46  Drone x3  
  43  3:47  Zergling x2  
  49  3:58  Drone x4  
  54  4:03  Roach Warren, Extractor x2  
  54  4:04  Zergling x6  
  54  4:12  Overlord  
  54  4:17  Overlord  
  54  4:18  Overlord  
  54  4:21  Spore Crawler  
  50  4:37  Drone x2  
  50  4:40  Drone  
  50  4:45  Roach x8  
  68  4:59  Roach x4  
  76  5:07  Overlord x2  
  75  5:17  Zergling x12  
  75  5:19  Overlord x2  
  81  5:28  Ravager x3  
  84  5:29  Ravager  
  84  5:30  Zergling x10  
  90  5:41  Zergling x2  
  90  5:42  Zergling x12  
  95  5:43  Ravager  
  96  5:53  Zergling x2  
  96  5:54  Zergling x10  
  96  6:06  Zergling x8  
  96  6:08  Ravager x3  
  91  6:14  Zergling x2  
  91  6:15  Zergling x12  
  91  6:16  Ravager  
  85  6:28  Zergling x12  
  85  6:30  Ravager  
  87  6:38  Roach x4  
  87  6:39  Zergling x2  
  91  6:46  Zergling x6  
  91  6:49  Zergling x4  
Show
View Real Time Build Order
Export as new Build Order

soul Terran - Winner!

Build Orders: Gas First Reaper Expand, Hellion Opening 

Get SALT Encoding   

  12  0:00  SCV  
  13  0:12  SCV  
  14  0:17  Supply Depot  
  14  0:24  SCV  
  14  0:27  Refinery  
  15  0:38  SCV  
  16  0:44  Barracks  
  16  0:50  SCV  
  17  1:02  SCV  
  18  1:14  SCV  
  19  1:31  Orbital Command, Reaper  
  20  1:41  Command Center  
  20  1:52  Factory  
  20  1:57  SCV  
  21  2:08  Barracks Reactor  
  21  2:09  SCV  
  22  2:21  SCV  
  23  2:25  Supply Depot  
  23  2:47  SCV  
  23  2:49  Hellion x2, Barracks Tech Lab  
  28  2:54  Orbital Command  
  28  2:59  Supply Depot, SCV  
  28  3:00  Barracks  
  29  3:09  Stimpack, Marine  
  29  3:10  Hellion  
  29  3:11  SCV  
  29  3:12  Hellion  
  35  3:20  SCV  
  35  3:23  Supply Depot, SCV  
  37  3:32  Hellion, SCV  
  40  3:35  Hellion, SCV  
  43  3:44  SCV  
  43  3:46  Marine  
  43  3:48  SCV  
  43  3:56  SCV  
  43  4:00  SCV  
  43  4:03  Supply Depot  
  43  4:04  Marine x2, Command Center  
  43  4:07  Marine  
  43  4:09  SCV  
  47  4:12  SCV  
  47  4:16  Starport  
  48  4:17  Refinery, Factory Tech Lab  
  48  4:21  SCV  
  48  4:22  Marine  
  48  4:23  Marine  
  51  4:24  SCV  
  51  4:25  Marine  
  51  4:33  SCV  
  51  4:35  Siege Tank  
  51  4:37  SCV  
  49  4:40  Marine x2  
  49  4:43  Refinery  
  49  4:44  Bunker  
  49  4:45  SCV  
  52  4:48  Marine, Bunker  
  52  4:52  SCV  
  54  4:53  Starport Reactor  
  54  5:00  Supply Depot, Marine  
  54  5:04  Supply Depot, Marine  
  54  5:06  Marine  
  57  5:08  Siege Tank  
  57  5:10  SCV x2  
  61  5:18  Marine  
  61  5:21  Combat Shield  
  62  5:22  Marine  
  62  5:24  Marine  
  62  5:25  Orbital Command  
  65  5:33  SCV  
  65  5:35  Marine  
  65  5:39  Marine  
  65  5:41  Marine, SCV  
  68  5:46  Medivac  
  68  5:48  Medivac  
  68  5:49  Supply Depot  
  72  5:53  Marine, SCV  
  74  5:57  Marine  
  74  5:59  Marine  
  74  6:02  Siege Tank  
  78  6:10  Supply Depot x2  
  73  6:11  Supply Depot, Marine  
  73  6:15  Marine  
  73  6:17  Marine, SCV  
  68  6:29  Marine  
  68  6:31  SCV  
  68  6:32  SCV  
  70  6:33  Marine  
  70  6:34  Siege Tank  
  70  6:35  Marine  
  72  6:43  SCV  
  72  6:44  Engineering Bay, SCV  
  72  6:46  Engineering Bay  
  74  6:47  Marine  
  74  6:51  Marine  
  74  6:53  Marine  
  76  6:55  SCV  
  76  6:57  Barracks x2  
Tags
 
Add a new tag
Caveats
  • Supply blocks, unpowered buildings, or Contaminate may cause inaccurate times.
  • Supply counts are checked every 10 seconds.